 Dungeon Crawl Stone Soup version 0.26-a0-597-gb535b0901c (webtiles) character file.

Game seed: 12355429178579452165

119 Flugslaktarn the Chopper (level 4, -7/44 HPs)
             Began as a Deep Dwarf Monk on Sept 14, 2020.
             Mangled by an orc warrior
             ... wielding a +0 mace
              (13 damage)
             ... on level 3 of the Dungeon.
             The game lasted 00:01:28 (2254 turns).

Flugslaktarn the Chopper (Deep Dwarf Monk)          Turns: 2254, Time: 00:01:29

Health: -7/44      AC:  9    Str: 16    XL:     4   Next: 74%
Magic:  2/2        EV:  8    Int: 10    God:
Gold:   111        SH:  0    Dex: 15    Spells: 3/3 levels left

rFire    . . .     SeeInvis .   a - +0 hand axe
rCold    . . .     Faith    .   (no shield)
rNeg     . . .     Spirit   .   q - +0 chain mail
rPois    .         Reflect  .   (no helmet)
rElec    .         Harm     .   (no cloak)
rCorr    .                      (no gloves)
MR       .....                  p - +0 pair of boots
Stlth    ..........             (no amulet)
HPRegen  0.00/turn              (no ring)
MPRegen  0.08/turn              (no ring)

@: brilliant, stab, flying, very slightly contaminated, non-regenerating,
invisible
A: damage resistance, heal wounds, sense surroundings 1, no regeneration
a: Heal Wounds


You were on level 3 of the Dungeon.
You visited 1 branch of the dungeon, and saw 3 of its levels.

You collected 111 gold pieces.

Inventory:

Hand Weapons
 a - a +0 hand axe (weapon)
Armour
 b - a +0 robe
 p - a +0 pair of boots (worn)
   (You found it on level 2 of the Dungeon)
 q - a +0 chain mail (worn)
   (You found it on level 2 of the Dungeon)
Jewellery
 h - an uncursed ring of flight {unknown}
   (You found it on level 1 of the Dungeon)
 m - an uncursed amulet of reflection {unknown}
   (You found it on level 2 of the Dungeon)
 t - an uncursed ring of magical power {unknown}
   (You found it on level 3 of the Dungeon)
Scrolls
 d - 2 scrolls of enchant armour {unknown}
 e - 2 scrolls of amnesia {unknown}
 i - 2 scrolls of enchant weapon {unknown}
 k - 3 scrolls of identify {unknown}
 l - a scroll of remove curse {unknown}
 o - a scroll of fog {unknown}
 r - 2 scrolls of teleportation {unknown}
 s - a scroll of blinking {unknown}


   Skills:
 * Level 3.6 Fighting
 * Level 4.5 Axes
 + Level 1.5 Armour
 + Level 3.8 Dodging
 - Level 2.4 Stealth


You had 3 spell levels left.
You didn't know any spells.
Your spell library was empty.

Dungeon Overview and Level Annotations

Branches:
Dungeon (3/15)

Altars:


Innate Abilities, Weirdness & Mutations

You are resistant to damage.
You can heal yourself by infusing magical energy.
You passively map a small area around you.
You do not regenerate.


Message History

The orc warrior is severely wounded.
The orc warrior hits you with a +0 mace!
* * * LOW HITPOINT WARNING * * *
The helpless orc warrior fails to defend itself.
You hit the orc warrior but do no damage.
The orc warrior is severely wounded.
The orc warrior hits you with a +0 mace.
The dart slug launches a dart at you.
The slug dart misses the orc warrior.
The slug dart misses you.
You are too injured to fight recklessly!
The helpless orc warrior fails to defend itself.
You hit the orc warrior.
The orc warrior is severely wounded.
The orc warrior closely misses you.
You are too injured to fight recklessly!
The helpless orc warrior fails to defend itself.
You hit the orc warrior but do no damage.
The orc warrior is severely wounded.
The orc warrior hits you with a +0 mace!
You die...

.............##### #.#
.####.##..##.....# #.##
......###.##.###### * *
#...
.###..###.##.##...## *
, #...
......##.....#.....###
, #...
####†.##.....#....... ,
, #.##
.......#.#...#.....# ,,
#.##
###)†..#.#...##.))# , *
#.## #
#..........###@##, ,, *
#.## ###....#.##...##o#
, ,* #.#.
..+............wr# , ,#
#.## ###............#.#
, .# #.# #
#......##..###.## ,
#.###.# #
##+##..###.##...##,,
*#...##.# * #..#
#.#.....#####.....#.# *
*#
#.#...(...w.......#.# *
.
.##.#.....#####†....#.#


You could see an orc warrior, a dart slug and a rat.

Vanquished Creatures
  4 adders
  2 oozes
  A worm (D:2)
  A dart slug (D:1)
  A leopard gecko (D:1)
  An orc (D:3)
  A ball python (D:1)
  3 giant cockroaches
  4 goblins
  6 hobgoblins
  7 jackals
  2 quokkas
  10 bats
  7 frilled lizards
  10 kobolds
  10 rats
70 creatures vanquished.

Vanquished Creatures (others)
  A leopard gecko (D:3)
  A frilled lizard (D:3)
2 creatures vanquished.

Grand Total: 72 creatures vanquished

Notes
Turn   | Place    | Note
-------+----------+-------------------------------------------
     0 | D:1      | Flugslaktarn the Deep Dwarf Monk began the quest for the
                  | Orb.
     0 | D:1      | Reached XP level 1. HP: 20/20 MP: 1/1
   228 | D:2      | Reached XP level 2. HP: 27/27 MP: 2/2
   369 | D:1      | Reached XP level 3. HP: 29/34 MP: 3/3
   508 | D:1      | Reached skill level 1 in Armour
  1126 | D:2      | Reached skill level 4 in Axes
  1245 | D:2      | Reached XP level 4. HP: 42/42 MP: 4/4
  1274 | D:2      | Found a faded altar of an unknown god.
  2196 | D:3      | Noticed an orc warrior
  2254 | D:3      | Mangled by an orc warrior

Illustrated notes

Levels and vault maps discovered:
D:1:      dpeg_arrival_water_fire, layout_basic
D:2:      layout_basic, chequers_ecumenical_altar_simple
D:3:      minmay_octagon_keep, layout_basic, uniq_grinder

Skill      XL: |  1  2  3 |
---------------+----------+-----
Fighting       | 3 |  3.6
Armour         | 1 |  1.5
Axes           | 4 |  4.5
Dodging        | |  3.8
Stealth        | |  2.4

Action                   |  1- 3 |  4- 6 || total
-------------------------+-------+-------++-------
Melee: Hand axe          |    96 |   105 ||   201
 Abil: Heal Wounds       |     1 |     6 ||     7
  Use: Potion            |       |     6 ||     6
 Stab: Sleeping          |     5 |     6 ||    11
       Invisible         |       |     2 ||     2
Armor: Robe              |    21 |     2 ||    23
       Chain mail        |       |    66 ||    66
Dodge: Dodged            |    70 |    79 ||   149

Table legend: (Time is in decaauts)
 A = Elapsed time spent in this place.
 B = Non-inter-level travel time spent in this place.
 C = Inter-level travel time spent in this place.
 D = Time resting spent in this place.
 E = Time spent auto-exploring this place.
 F = Levels seen in this place.
 G = Mean time per level.
                   A        B        C        D        E       F      G
               +--------+--------+--------+--------+--------+-----+--------+
         Total |   2273 |   2113 |    160 |      0 |   1613 |   3 |  757.7 |
       Dungeon |   2273 |   2113 |    160 |      0 |   1613 |   3 |  757.7 |
               +--------+--------+--------+--------+--------+-----+--------+

Top non-repeatable levels by time:
     D:1: 1101 daAuts
     D:2: 805 daAuts
     D:3: 366 daAuts
